 Dungeon Crawl Stone Soup version 0.30-a0-840-ga523dec638 (webtiles) character file.

Game seed: 9654659344744073312

94 qeuew the Shield-Bearer (level 4, 0/37 HPs)
             Began as a Formicid Fighter on Mar 1, 2023.
             Slain by Pargi (5 damage)
             ... in a sewer.
             The game lasted 00:02:57 (2087 turns).

qeuew the Shield-Bearer (Formicid Fighter)          Turns: 2087, Time: 00:02:58

Health: 0/37       AC:  7    Str: 22    XL:     4   Next: 94%
Magic:  4/4        EV:  7    Int:  8    God:
Gold:   121        SH: 13    Dex: 13    Spells: 3/3 levels left

rFire   . . .      SeeInvis +    a - +0 war axe
rCold   . . .      Faith    .    h - +0 tower shield
rNeg    . . .      Spirit   .    b - +0 scale mail
rPois   .          Reflect  .    (helmet unavailable)
rElec   .          Harm     .    (no cloak)
rCorr   .          Rampage  .    (no gloves)
Will    .....                    (no boots) Stlth
                                 (no amulet)
HPRegen 0.26/turn                (no ring)
MPRegen 0.09/turn                (no ring)

@: mighty
A: permanent stasis, dig shafts and tunnels, antennae 3, four strong arms
a: Dig


You were in a sewer.
You visited 1 branch of the dungeon, and saw 3 of its levels.
You also visited: Sewer.

You collected 121 gold pieces.

Inventory:

Hand Weapons
 a - a +0 war axe (weapon)
Armour
 b - a +0 scale mail (worn)
 h - a +0 tower shield (worn)
Scrolls
 f - a scroll of enchant armour
 g - 2 scrolls of identify
Potions
 c - 2 potions of magic {unknown}
 e - 4 potions of curing
 i - a potion of haste {unknown}
 j - a potion of invisibility {unknown}


   Skills:
 + Level 4.0 Fighting
 + Level 2.9 Axes
 + Level 4.0 Armour
 + Level 4.9 Shields


You had 3 spell levels left.
You didn't know any spells.
Your spell library was empty.

Dungeon Overview and Level Annotations

Branches:
Dungeon (3/15)              Sewer (1/1)

Altars:

Annotations:
Sewer Pargi


Innate Abilities, Weirdness & Mutations

You cannot be hasted, slowed, berserked, paralysed or teleported.
You can dig through walls and to a lower floor.
You have a pair of large antennae on your head. (SInv)
Your four strong arms can wield two-handed weapons with a shield.


Message History

Pargi snarls, "Go!
Away!"
You block Pargi's attack. x2; Pargi barely misses you.
You slash Pargi!
Pargi is severely wounded.
You block Pargi's attack. Pargi claws you but does no damage.
You block Pargi's attack. Pargi bites you but does no damage.
Pargi claws you but does no damage. x2
You barely miss Pargi.
Pargi is severely wounded.
Pargi bites you. Pargi claws you. You block Pargi's attack.
Pargi bites you but does no damage. You block Pargi's attack. Pargi claws you.
* * * LOW HITPOINT WARNING * * *
You hit Pargi.
Pargi is severely wounded.
You block Pargi's attack. x2; Pargi claws you but does no damage.
You hit Pargi.
Pargi is severely wounded.
You block Pargi's attack. x3; Pargi completely misses you.
Pargi claws you but does no damage. Pargi barely misses you.
You hit Pargi.
Pargi is severely wounded.
You block Pargi's attack. Pargi claws you but does no damage.
You block Pargi's attack.
You closely miss Pargi.
Pargi is severely wounded.
You block Pargi's attack. Pargi claws you but does no damage.
You block Pargi's attack. Pargi bites you.
* * * LOW HITPOINT WARNING * * *
You block Pargi's attack. x2
You feel very mighty all of a sudden. Pargi bites you.
* * * LOW HITPOINT WARNING * * *
Pargi claws you.
* * * LOW HITPOINT WARNING * * *
Pargi claws you but does no damage.
You hit Pargi.
Pargi is severely wounded.
Pargi bites you but does no damage. You block Pargi's attack. x2
Pargi bites you.
You die...

#####################
#.##.##.##.##.##(##.#
#.##.##.##.##.##.##.#
#†##)##)##'##'##'##'#
#...................####
#~~~~~~~~~.~~~~~~~~~#~~~~~~
#≈≈≈≈≈≈≈≈≈∩≈≈≈≈≈≈≈≈≈#≈≈≈≈≈≈
#~~~~~~~~~.~~~~~~~~~#~~~~~~
#...............@...#######
#+##+##+##.##†##T##+# { {
#.##.##.# #∩##.##.#
#########


You could see Pargi.

Vanquished Creatures
  Robin (D:2)
  2 adders
  A worm (D:2)
  A dart slug (D:1)
  3 ball pythons
  2 bats (D:2)
  4 endoplasms (D:2)
  4 giant cockroaches
  11 goblins
  10 hobgoblins
  3 jackals (D:2)
  7 kobolds
  4 frilled lizards
  2 rats
55 creatures vanquished.

Notes
Turn   | Place    | Note
-------+----------+-------------------------------------------
     0 | D:1      | qeuew the Formicid Fighter began the quest for the Orb.
     0 | D:1      | Reached XP level 1. HP: 18/18 MP: 1/1
   195 | D:1      | Reached XP level 2. HP: 24/24 MP: 2/2
   902 | D:2      | Reached XP level 3. HP: 27/29 MP: 3/3
  1225 | D:2      | Noticed Robin
  1249 | D:2      | Killed Robin
  1250 | D:2      | Reached XP level 4. HP: 31/37 MP: 4/4
  1931 | D:3      | Found a glowing drain.
  1939 | Sewer    | Entered a sewer
  2069 | Sewer    | Noticed Pargi
  2087 | Sewer    | Slain by Pargi

Illustrated notes

Levels and vault maps discovered:
D:1:      amcnicky_arrival_single_pillar, layout_basic
D:2:      layout_basic, kennysheep_crisscross, minmay_tetromino_s2, uniq_robin
D:3:      layout_basic, chequers_ecumenical_altar_simple_redux,
          portal_sewer_entry_e, hangedman_glass_teeth,
          small_statue_intersection, kennysheep_generic_room_15
Sewer:    kennysheep_door_sewer

Skill      XL: |  1  2  3  4 |
---------------+-------------+-----
Fighting       | 4 |  4.0
Armour         | 4 |  4.0
Axes           | |  2.9
Shields        | |  4.9

Action                     |  1- 3 |  4- 6 || total
---------------------------+-------+-------++-------
  Melee: War axe           |    89 |    81 ||   170
    Use: Scroll            |     3 |       ||     3
         Potion            |       |     1 ||     1
 Armour: Scale mail        |    65 |    58 ||   123
  Dodge: Dodged            |    49 |    41 ||    90
  Block: Buckler           |    20 |       ||    20
         Tower shield      |       |    91 ||    91

Table legend: (Time is in decaauts)
 A = Elapsed time spent in this place.
 B = Non-inter-level travel time spent in this place.
 C = Inter-level travel time spent in this place.
 D = Time resting spent in this place.
 E = Time spent auto-exploring this place.
 F = Levels seen in this place.
 G = Mean time per level.
                   A        B        C        D        E       F      G
               +--------+--------+--------+--------+--------+-----+--------+
         Total |   2180 |   2018 |    162 |      0 |   1582 |   4 |  545.0 |
       Dungeon |   2010 |   1848 |    162 |      0 |   1480 |   3 |  670.0 |
         Sewer |    169 |    169 |      0 |      0 |    102 |   1 |  169.0 |
               +--------+--------+--------+--------+--------+-----+--------+

Top non-repeatable levels by time:
     D:2: 976 daAuts
     D:1: 938 daAuts
   Sewer: 169 daAuts
     D:3: 95 daAuts
